 Dungeon Sprint DCSS version 0.18-a0-1730-g73f0523 (webtiles) character file.

133 minicreteconcrete the Insei (level 4, 0/39 HPs)
             Began as a Demonspawn Wizard on Apr 10, 2016.
             Was an Initiate of Cheibriados.
             Slain by a hill giant
             ... wielding a +0 giant club
              (26 damage)
             ... in the Dungeon (Sprint IX: "|||||||||||||||||||||||||||||").
             The game lasted 00:02:11 (193 turns).

minicreteconcrete the Insei (Demonspawn Wizard)      Turns: 193, Time: 00:02:11

Health: 0/39       AC:  2    Str:  9    XL:     4   Next: 94%
Magic:  1/8        EV: 16    Int: 21    God:    Cheibriados [......]
Gold:   0          SH:  0    Dex: 12    Spells: 3 memorised, 3 levels left

rFire  . . .     SeeInvis .       - Unarmed
rCold  . . .     Gourm    .     a - +0 robe
rNeg   . . .     Faith    .     (no shield)
rPois  .         Spirit   .     b - +0 hat
rElec  .         Dismiss  .     (no cloak)
rCorr  .         Reflect  .     (no gloves)
SustAt .         Harm     .     (no boots)
MR     .....     NoTele   +     (no amulet)
Stlth  ++........               t - +2 ring of evasion
                                s - +2 ring of evasion

@: very slightly contaminated, very slow, not resistant to hostile enchantments,
unstealthy
A: talons 2
a: Bend Time, Renounce Religion


You were in the Dungeon.
You worshipped Cheibriados.
Cheibriados was noncommittal.
You were not hungry.

You visited 1 branch

Inventory:

Armour
 a - a +0 robe (worn)
 b - a +0 hat (worn)
 p - a +0 helmet
 q - a +0 cloak
 r - a +1 chain mail
Magical Staves
 o - an uncursed staff of energy
Jewellery
 s - a +2 ring of evasion (left hand)
 t - a +2 ring of evasion (right hand)
Wands
 n - a wand of iceblast (7/15)
Scrolls
 j - 2 scrolls of blinking
 l - 3 scrolls of remove curse
 m - 2 scrolls of amnesia
Potions
 e - 5 potions of curing
 f - 3 potions of heal wounds
 g - a potion of haste
 h - 4 potions of magic
 i - a potion of invisibility
Books
 c - a book of Minor Magic

   Spells                             Type                      Level
   a - Magic Dart                     Conjuration                  1
   b - Blink                          Translocation                2
   c - Call Imp                       Summoning                    2
   d - Repel Missiles                 Charms/Air                   2
   e - Slow                           Hexes                        2
   f - Conjure Flame                  Conjuration/Fire             3
   g - Mephitic Cloud                 Conjuration/Poison/Air       3
Comestibles
 d - a bread ration
 k - 8 chunks of flesh


   Skills:
 + Level 5.5 Fighting
 - Level 1.7 Dodging
 - Level 1.7 Stealth
 + Level 7.2 Unarmed Combat
 - Level 3.0 Spellcasting
 - Level 1.0 Conjurations
   Level 1.0 Summonings
 - Level 0.8 Translocations


You had 3 spell levels left.
You knew the following spells:

 Your Spells              Type           Power        Failure   Level  Hunger
a - Magic Dart            Conj           #...         12%         1    None
b - Mephitic Cloud        Conj/Pois/Air  #.......     34%         3    ###....
c - Blink                 Tloc           N/A          14%         2    ##.....


Dungeon Overview and Level Annotations

Branches:
Dungeon (1/1)

Altars:
Cheibriados
Dithmenos
Elyvilon
Fedhas
Gozag
Kikubaaqudgha
Makhleb
Nemelex Xobeh
Okawaru
Pakellas
Qazlal
Ru
Sif Muna
Trog
Vehumet
Xom
Yredelemnul
Zin
The Shining One
Beogh
Jiyva
Lugonu


Innate Abilities, Weirdness & Mutations

You have razor-sharp toenails.


Message History

Okay, then.
Casting: Magic Dart
Confirm with . or Enter, or press ? or * to list all spells.
Aiming: Mephitic Cloud
Press: ? - help, Shift-Dir - straight line, f - hill giant
Aim: a hill giant, wielding a giant club (resting)
You miscast Mephitic Cloud.
You are very lightly contaminated with residual magic.
You hear a crackling sound.
The hill giant shouts! x2; The orc shouts!
Casting: Mephitic Cloud
Confirm with . or Enter, or press ? or * to list all spells.
You miscast Blink.
You feel a wrenching sensation.
The hill giant hits you with a giant club!
The orc hits you from afar with a vampiric trident.
Casting: Blink
Confirm with . or Enter, or press ? or * to list all spells.
You blink.
The hill giant hits you with a giant club!!
Ouch! That really hurt!
You die... ▓▓▓▓▓▓▓▓▓▓▓▓▓▓▓▓▓▓▓▓ __'...)....§CoKY@CY+ ▓▓▓▓▓▓▓▓▓▓▓▓▓▓▓▓▓▓▓▓

You could see 2 hill giants, an ice beast, a sky beast, a big kobold and an orc.

Vanquished Creatures
  A crimson imp (D)
  2 hounds (D)
  A jelly (D)
  A worm (D)
  A giant cockroach (D)
  2 goblins (D)
  A bat (D)
  A kobold (D)
10 creatures vanquished.

Notes
Turn   | Place    | Note
--------------------------------------------------------------
     0 | D        | minicreteconcrete the Demonspawn Wizard began the quest for the Orb.
     0 | D        | Reached XP level 1. HP: 13/13 MP: 4/4
     5 | D        | Reached skill level 1 in Fighting
     5 | D        | Reached skill level 1 in Unarmed Combat
    29 | D        | Reached skill level 2 in Unarmed Combat
   107 | D        | Noticed a crimson imp
   107 | D        | Noticed a hound
   107 | D        | Noticed a jelly
   107 | D        | Noticed a hound
   114 | D        | Killed a hound
   114 | D        | Reached skill level 4 in Unarmed Combat
   114 | D        | Gained mutation: You have sharp toenails. [demonic ancestry]
   114 | D        | Reached XP level 2. HP: 24/24 MP: 1/6
   114 | D        | Gained mutation: You have razor-sharp toenails. [demonic ancestry]
   114 | D        | Reached XP level 3. HP: 29/29 MP: 1/7
   115 | D        | Reached skill level 5 in Unarmed Combat
   119 | D        | Reached XP level 4. HP: 37/37 MP: 1/8
   124 | D        | Reached skill level 6 in Unarmed Combat
   127 | D        | Reached skill level 5 in Fighting
   127 | D        | Reached skill level 7 in Unarmed Combat
   136 | D        | Found a glowing silver altar of Zin.
   136 | D        | Found a glowing golden altar of the Shining One.
   136 | D        | Found an ancient bone altar of Kikubaaqudgha.
   136 | D        | Found a basalt altar of Yredelemnul.
   136 | D        | Found a shimmering altar of Xom.
   136 | D        | Found a radiant altar of Vehumet.
   137 | D        | Found an iron altar of Okawaru.
   138 | D        | Found a burning altar of Makhleb.
   139 | D        | Found a deep blue altar of Sif Muna.
   140 | D        | Found a bloodstained altar of Trog.
   141 | D        | Found a sparkling altar of Nemelex Xobeh.
   142 | D        | Found a white marble altar of Elyvilon.
   143 | D        | Found a roughly hewn altar of Beogh.
   144 | D        | Found a viscous altar of Jiyva.
   145 | D        | Found a corrupted altar of Lugonu.
   146 | D        | Found a blossoming altar of Fedhas.
   147 | D        | Found a snail-covered altar of Cheibriados.
   148 | D        | Found a shadowy altar of Dithmenos.
   149 | D        | Found a stormy altar of Qazlal.
   150 | D        | Found an opulent altar of Gozag.
   151 | D        | Found a sacrificial altar of Ru.
   152 | D        | Found an oddly glowing altar of Pakellas.
   155 | D        | Became a worshipper of Cheibriados the Contemplative
   160 | D        | Learned a level 3 spell: Mephitic Cloud
   163 | D        | Learned a level 2 spell: Blink
   190 | D        | Noticed a hill giant
   190 | D        | Noticed a big kobold
   190 | D        | Noticed a sky beast
   190 | D        | Noticed an ice beast
   190 | D        | Noticed a hill giant
   193 | D        | Slain by a hill giant

Vault maps used:
D:        linesprint

Skill      XL: |  1  2  3  4 |
---------------+-------------+-----
Fighting       | 3 4 5 |  5.5
Unarmed Combat | 4 5 7 |  7.2
Dodging        | |  1.7
Stealth        | |  1.7
Spellcasting   | |  3.0
Conjurations   | |  1.0
Summonings     | |  1.0
Translocations | |  0.8

Action                   |  1- 3 |  4- 6 || total
-------------------------+-------+-------++-------
Melee: Unarmed           |    29 |     7 ||    36
 Cast: Magic Dart        |     6 |       ||     6
       Blink             |       |     1 ||     1
  Use: Potion            |     1 |       ||     1
